PCL
SACRAMENTO RIVER CATS @ FRESNO GRIZZLIES
04/14/2024
 
TOP OF THE 1ST
Sacramento River Cats batting - Pitching for Fresno Grizzlies : RHP Edward Small
Pitching: RHP Edward Small
Batting: RHB Roberto Freitas 0-0: Fly out, F8 (Flyball, 8RM, EV 88.1 MPH)
Batting: RHB Carter Stanley 0-0: SINGLE (Line Drive, 4MD, EV 103.1 MPH)
Batting: RHB Dan Katz 0-0: Called Strike
0-1: Ball
1-1: Ball
2-1: SINGLE (Line Drive, 34D, EV 101.9 MPH)
Carter Stanley to second
Batting: LHB Freddie Hendrickson 0-0: Ball
Wild Pitch!
Carter Stanley to third
Dan Katz to second
1-0: Foul Ball, location: 2F
1-1: Ball
2-1: Ball
3-1: Foul Ball, location: 2F
3-2: DOUBLE (Flyball, 78D, EV 103.1 MPH)
Carter Stanley scores
Dan Katz scores
Batting: RHB Miguel Hiraldo 0-0: Ground out 5-3 (Groundball, 56S, EV 67.5 MPH)
Pitching: LHP Zack Thompson
Batting: LHB Logan Wyatt 0-0: Ball
1-0: Ball
2-0: Ball
3-0: Called Strike
3-1: Base on Balls
Batting: RHB Dominic MacMurchie 0-0: Ball
1-0: Called Strike
1-1: Foul Ball, location: 3F
1-2: Strikes out swinging
Top of the 1st over - 2 runs, 3 hits, 0 errors, 2 left on base; Sacramento 2 - Fresno 0
BOTTOM OF THE 1ST
Fresno Grizzlies batting - Pitching for Sacramento River Cats : RHP Tom Robson
Pitching: RHP Tom Robson
Batting: RHB Neil Lewis 0-0: Ball
1-0: Called Strike
1-1: Ball
2-1: Foul Ball, location: 23FF
2-2: Foul Ball, location: 23F
2-2: Ball
3-2: Base on Balls
Batting: LHB Kensuke Kondoh 0-0: Called Strike
Neil Lewis steals 2nd base
0-1: Ball
1-1: Ball
2-1: Foul Ball, location: 25FF
2-2: Ball
3-2: 2-RUN HOME RUN (Flyball, 9LD, EV 96.3 MPH), Distance : 361 ft
Batting: LHB Colton Cowser 0-0: Called Strike
0-1: Ball
1-1: Ground out 4-3 (Groundball, 34, EV 102.5 MPH)
Batting: LHB Oscar Colas 0-0: Ball
1-0: Fly out, F9 (Flyball, 89S, EV 95.0 MPH)
Batting: RHB Dave Carmera 0-0: Called Strike
0-1: Ground out 5-3 (Groundball, 5, EV 100.0 MPH)
Bottom of the 1st over - 2 runs, 1 hit, 0 errors, 0 left on base; Sacramento 2 - Fresno 2
TOP OF THE 2ND
Sacramento River Cats batting - Pitching for Fresno Grizzlies : LHP Zack Thompson
Batting: LHB Jerry Caine 0-0: Foul Ball, location: 2F
0-1: Ball
1-1: Swinging Strike
1-2: Ball
2-2: SOLO HOME RUN (Flyball, 89XD, EV 110.6 MPH), Distance : 424 ft
Batting: RHB Shawn Dye 0-0: Called Strike
0-1: Foul Ball, location: 9LDF
0-2: Strikes out looking
Batting: RHB Roberto Freitas 0-0: Called Strike
0-1: Foul Ball, location: 5FF
0-2: Foul Ball, location: 2F
0-2: Ball
1-2: Ball
2-2: SOLO HOME RUN (Flyball, 78XD, EV 98.1 MPH), Distance : 386 ft
Batting: RHB Carter Stanley 0-0: Called Strike
0-1: SOLO HOME RUN (Flyball, 7D, EV 95.6 MPH), Distance : 370 ft
Batting: RHB Dan Katz 0-0: Called Strike
0-1: SINGLE (Line Drive, 4D, EV 95.6 MPH)
Batting: LHB Freddie Hendrickson 0-0: Called Strike
0-1: Called Strike
0-2: Foul Ball, location: 3DF
0-2: Ball
1-2: Foul Ball, location: 2F
1-2: SINGLE (Groundball, 6MD, EV 98.1 MPH)
Dan Katz to second
Batting: RHB Miguel Hiraldo 0-0: Called Strike
0-1: Ball
1-1: Foul Ball, location: 2F
1-2: Fly out, F8 (Flyball, 8LD, EV 110.6 MPH)
Batting: LHB Logan Wyatt 0-0: Ball
1-0: Fly out, F8 (Flyball, 8RXD, EV 97.5 MPH)
Top of the 2nd over - 3 runs, 5 hits, 0 errors, 2 left on base; Sacramento 5 - Fresno 2
BOTTOM OF THE 2ND
Fresno Grizzlies batting - Pitching for Sacramento River Cats : RHP Tom Robson
Batting: LHB Jacob Sanford 0-0: Called Strike
0-1: Ball
1-1: Ball
2-1: Ball
3-1: Ground out 5-3 (Groundball, 56, EV 90.0 MPH)
Batting: LHB Michael Perez 0-0: Ball
1-0: Ball
2-0: Foul Ball, location: 7LMF
2-1: Fly out, F8 (Flyball, 8RD, EV 77.5 MPH)
Batting: RHB Wander Javier 0-0: Called Strike
0-1: Called Strike
0-2: Ball
1-2: SINGLE (Groundball, 6, EV 108.8 MPH) (infield hit)
Batting: LHB Estevan Florial 0-0: Ball
1-0: Called Strike
1-1: Foul Ball, location: 23FF
1-2: Foul Ball, location: 2F
1-2: Ground out U3 (Groundball, 3L, EV 101.9 MPH)
Bottom of the 2nd over - 0 runs, 1 hit, 0 errors, 1 left on base; Sacramento 5 - Fresno 2
TOP OF THE 3RD
Sacramento River Cats batting - Pitching for Fresno Grizzlies : LHP Zack Thompson
Batting: RHB Dominic MacMurchie 0-0: Called Strike
0-1: Ball
1-1: Ball
2-1: Foul Ball, location: 2F
2-2: Fly out, F3 (Popup, 23F, EV 86.3 MPH)
Batting: LHB Jerry Caine 0-0: Called Strike
0-1: Ball
1-1: Called Strike
1-2: Strikes out swinging
Batting: RHB Shawn Dye 0-0: Foul Ball, location: 9LDF
0-1: Ball
1-1: Foul Ball, location: 9LDF
1-2: Ball
2-2: Foul Ball, location: 2RF
2-2: SINGLE (Groundball, 34D, EV 95.6 MPH)
Batting: RHB Roberto Freitas 0-0: Ball
1-0: Called Strike
1-1: Ball
2-1: SINGLE (Groundball, 15, EV 71.3 MPH) (infield hit)
Shawn Dye to second
Batting: RHB Carter Stanley 0-0: Called Strike
0-1: Ball
1-1: Ball
2-1: Ball
3-1: Swinging Strike
3-2: Base on Balls
Shawn Dye to third
Roberto Freitas to second
Batting: RHB Dan Katz 0-0: Ball
1-0: Ball
2-0: SINGLE (Groundball, 34D, EV 103.1 MPH)
Shawn Dye scores
Roberto Freitas to third
Carter Stanley to second
Runner from 3rd tries for Home, SAFE, throw by RF to home
Batting: LHB Freddie Hendrickson 0-0: Called Strike
0-1: Ball
1-1: Called Strike
1-2: Foul Ball, location: 23F
1-2: Ball
2-2: Foul Ball, location: 5F
2-2: Strikes out looking
Top of the 3rd over - 2 runs, 3 hits, 0 errors, 2 left on base; Sacramento 7 - Fresno 2
BOTTOM OF THE 3RD
Fresno Grizzlies batting - Pitching for Sacramento River Cats : RHP Tom Robson
Batting: RHB Neil Lewis 0-0: Ball
1-0: SINGLE (Line Drive, 4MD, EV 104.4 MPH)
Batting: LHB Kensuke Kondoh 0-0: Foul Ball, location: 7LDF
0-1: Called Strike
0-2: Strikes out swinging
Batting: LHB Colton Cowser 0-0: Fielders Choice at 2nd, 4-6 (Groundball, 34S, EV 81.9 MPH)
Batting: LHB Oscar Colas 0-0: Ball
1-0: Ball
2-0: Called Strike
2-1: Fly out, F9 (Flyball, 89S, EV 83.8 MPH)
Bottom of the 3rd over - 0 runs, 1 hit, 0 errors, 1 left on base; Sacramento 7 - Fresno 2
TOP OF THE 4TH
Sacramento River Cats batting - Pitching for Fresno Grizzlies : LHP Zack Thompson
Batting: RHB Miguel Hiraldo 0-0: Called Strike
0-1: DOUBLE (Flyball, 78XD, EV 99.4 MPH)
Pitching: RHP Pat Swain
Batting: LHB Logan Wyatt 0-0: Foul Ball, location: 2F
0-1: Ball
1-1: Foul Ball, location: 25F
1-2: Ball
2-2: Ball
3-2: Foul Ball, location: 2F
3-2: SINGLE (Line Drive, 4D, EV 101.9 MPH)
Miguel Hiraldo to third
Batting: RHB Dominic MacMurchie 0-0: Ball
1-0: Ball
2-0: Ball
3-0: Base on Balls
Logan Wyatt to second
Batting: LHB Jerry Caine 0-0: Called Strike
0-1: Fly out, F8 (Flyball, 8LM, EV 90.6 MPH)
Runner from 3rd tags up, SCORES, throw by CF
Batting: RHB Shawn Dye 0-0: Called Strike
0-1: Called Strike
0-2: Strikes out swinging
Batting: RHB Roberto Freitas 0-0: Called Strike
0-1: Ball
1-1: Swinging Strike
1-2: Strikes out swinging
Top of the 4th over - 1 run, 2 hits, 0 errors, 2 left on base; Sacramento 8 - Fresno 2
BOTTOM OF THE 4TH
Fresno Grizzlies batting - Pitching for Sacramento River Cats : RHP Tom Robson
Batting: RHB Dave Carmera 0-0: Ball
1-0: SOLO HOME RUN (Flyball, 9D, EV 97.5 MPH), Distance : 367 ft
Batting: LHB Jacob Sanford 0-0: Fly out, F7 (Flyball, 78S, EV 93.1 MPH)
Batting: LHB Michael Perez 0-0: Ball
1-0: Ground out 5-3 (Groundball, 25, EV 88.8 MPH)
Batting: RHB Wander Javier 0-0: Called Strike
0-1: Foul Ball, location: 23FF
0-2: SINGLE (Line Drive, 56D, EV 98.8 MPH)
Batting: LHB Estevan Florial 0-0: Foul Ball, location: 3FF
0-1: Ball
1-1: Fly out, F2 (Popup, 23F, EV 83.1 MPH)
Bottom of the 4th over - 1 run, 2 hits, 0 errors, 1 left on base; Sacramento 8 - Fresno 3
TOP OF THE 5TH
Sacramento River Cats batting - Pitching for Fresno Grizzlies : RHP Pat Swain
Batting: RHB Carter Stanley 0-0: Ground out 4-3 (Groundball, 4, EV 84.4 MPH)
Batting: RHB Dan Katz 0-0: Foul Ball, location: 3DF
0-1: Ball
1-1: Fly out, F8 (Flyball, 8LM, EV 78.8 MPH)
Batting: LHB Freddie Hendrickson 0-0: Foul Ball, location: 3F
0-1: Swinging Strike
0-2: Ball
1-2: Ball
2-2: Ground out 6-3 (Groundball, 6, EV 100.6 MPH)
Top of the 5th over - 0 runs, 0 hits, 0 errors, 0 left on base; Sacramento 8 - Fresno 3
BOTTOM OF THE 5TH
Fresno Grizzlies batting - Pitching for Sacramento River Cats : RHP Tom Robson
Batting: RHB Neil Lewis 0-0: Ball
1-0: Foul Ball, location: 2F
1-1: Ball
2-1: Called Strike
2-2: Ground out 5-3 (Groundball, 56, EV 85.6 MPH)
Batting: LHB Kensuke Kondoh 0-0: Foul Ball, location: 7LDF
0-1: Ball
1-1: Foul Ball, location: 9LMF
1-2: Foul Ball, location: 2F
1-2: SINGLE (Groundball, 34, EV 102.5 MPH) (infield hit)
Batting: LHB Colton Cowser 0-0: Foul Ball, location: 2F
0-1: Foul Ball, location: 2F
0-2: Ball
1-2: Ball
2-2: Fly out, F7 (Flyball, 7, EV 95.0 MPH)
Batting: LHB Oscar Colas 0-0: Foul Ball, location: 2F
0-1: Fly out, F8 (Line Drive, 89M, EV 84.4 MPH)
Bottom of the 5th over - 0 runs, 1 hit, 0 errors, 1 left on base; Sacramento 8 - Fresno 3
TOP OF THE 6TH
Sacramento River Cats batting - Pitching for Fresno Grizzlies : RHP Pat Swain
Batting: RHB Miguel Hiraldo 0-0: SINGLE (Flyball, 34D, EV 91.3 MPH)
Batting: LHB Logan Wyatt 0-0: Ball
1-0: Fielders Choice at 2nd, 4-6 (Groundball, 4, EV 80.6 MPH)
Batting: RHB Dominic MacMurchie 0-0: Called Strike
0-1: Foul Ball, location: 2F
0-2: Ball
1-2: Ball
2-2: Strikes out looking
Batting: LHB Jerry Caine 0-0: Called Strike
0-1: Called Strike
0-2: Foul Ball, location: 7LMF
0-2: Ball
1-2: Foul Ball, location: 2F
1-2: Fly out, F8 (Flyball, 8LD, EV 104.4 MPH)
Top of the 6th over - 0 runs, 1 hit, 0 errors, 1 left on base; Sacramento 8 - Fresno 3
BOTTOM OF THE 6TH
Fresno Grizzlies batting - Pitching for Sacramento River Cats : RHP Tom Robson
Batting: RHB Dave Carmera 0-0: Ball
1-0: Foul Ball, location: 2F
1-1: Foul Ball, location: 5FF
1-2: Foul Ball, location: 9LDF
1-2: Strikes out swinging
Batting: LHB Jacob Sanford 0-0: Called Strike
0-1: Called Strike
0-2: Strikes out swinging
Batting: LHB Michael Perez 0-0: Foul Ball, location: 2F
0-1: Foul Ball, location: 7LSF
0-2: Ball
1-2: Foul Ball, location: 2F
1-2: Strikes out swinging
Bottom of the 6th over - 0 runs, 0 hits, 0 errors, 0 left on base; Sacramento 8 - Fresno 3
TOP OF THE 7TH
Sacramento River Cats batting - Pitching for Fresno Grizzlies : RHP Pat Swain
Batting: RHB Shawn Dye 0-0: Called Strike
0-1: Called Strike
0-2: Strikes out swinging
Batting: RHB Roberto Freitas 0-0: Called Strike
0-1: Ball
1-1: Ball
2-1: Swinging Strike
2-2: Foul Ball, location: 9LMF
2-2: Strikes out looking
Batting: RHB Carter Stanley 0-0: Ball
1-0: Ground out U3 (Groundball, 13, EV 84.4 MPH)
Top of the 7th over - 0 runs, 0 hits, 0 errors, 0 left on base; Sacramento 8 - Fresno 3
BOTTOM OF THE 7TH
Fresno Grizzlies batting - Pitching for Sacramento River Cats : RHP Tom Robson
Batting: RHB Wander Javier 0-0: Swinging Strike
0-1: Ball
1-1: Foul Ball, location: 2F
1-2: Foul Ball, location: 3FF
1-2: Foul Ball, location: 2F
1-2: Strikes out looking
Batting: LHB Estevan Florial 0-0: Fly out, F3 (Popup, 3SF, EV 75.6 MPH)
Batting: RHB Neil Lewis 0-0: Called Strike
0-1: Foul Ball, location: 9LSF
0-2: Strikes out swinging
Bottom of the 7th over - 0 runs, 0 hits, 0 errors, 0 left on base; Sacramento 8 - Fresno 3
TOP OF THE 8TH
Sacramento River Cats batting - Pitching for Fresno Grizzlies : RHP Pat Swain
Batting: RHB Dan Katz 0-0: Foul Ball, location: 23F
0-1: Foul Ball, location: 9LMF
0-2: Ball
1-2: Foul Ball, location: 23F
1-2: SINGLE (Flyball, 8LS, EV 92.5 MPH)
Pitching: RHP Tyler Baum
Batting: LHB Freddie Hendrickson 0-0: Foul Ball, location: 2F
0-1: Swinging Strike
0-2: Ball
1-2: Ball
2-2: Ball
Wild Pitch!
Dan Katz to second
3-2: 2-RUN HOME RUN (Flyball, 78XD, EV 99.4 MPH), Distance : 386 ft
Batting: RHB Miguel Hiraldo 0-0: DOUBLE (Line Drive, 7LM, EV 103.1 MPH)
Batting: LHB Logan Wyatt 0-0: Ball
1-0: Ball
2-0: Called Strike
2-1: Called Strike
2-2: Ball
3-2: Ground out 3-1 (Groundball, 34, EV 103.1 MPH)
Miguel Hiraldo to third
Batting: RHB Dominic MacMurchie 0-0: Called Strike
0-1: Swinging Strike
0-2: Strikes out swinging
Batting: LHB Jerry Caine 0-0: Swinging Strike
0-1: Ball
1-1: Ball
2-1: Foul Ball, location: 9LMFF
2-2: Strikes out looking
Top of the 8th over - 2 runs, 3 hits, 0 errors, 1 left on base; Sacramento 10 - Fresno 3
BOTTOM OF THE 8TH
Fresno Grizzlies batting - Pitching for Sacramento River Cats : RHP Tom Robson
Pitching: RHP Paul Turner
Batting: LHB Kensuke Kondoh 0-0: Called Strike
0-1: Fly out, F7 (Flyball, 7, EV 81.9 MPH)
Batting: LHB Colton Cowser 0-0: Called Strike
0-1: Called Strike
0-2: SINGLE (Line Drive, 8RS, EV 96.3 MPH)
Batting: LHB Oscar Colas 0-0: Foul Ball, location: 2F
0-1: 2-RUN HOME RUN (Flyball, 8RXD, EV 107.5 MPH), Distance : 428 ft
Batting: RHB Dave Carmera 0-0: Swinging Strike
0-1: Ball
1-1: Foul Ball, location: 2F
1-2: Strikes out swinging
Batting: LHB Jacob Sanford 0-0: Swinging Strike
0-1: Swinging Strike
0-2: Strikes out swinging
Bottom of the 8th over - 2 runs, 2 hits, 0 errors, 0 left on base; Sacramento 10 - Fresno 5
TOP OF THE 9TH
Sacramento River Cats batting - Pitching for Fresno Grizzlies : RHP Tyler Baum
Batting: RHB Shawn Dye 0-0: Ball
1-0: Called Strike
1-1: Foul Ball, location: 9LSF
1-2: Foul Ball, location: 25F
1-2: Strikes out swinging
Batting: RHB Roberto Freitas 0-0: Foul Ball, location: 2LF
0-1: Ball
1-1: Ball
2-1: Called Strike
2-2: Strikes out looking
Batting: RHB Carter Stanley 0-0: Ball
1-0: Foul Ball, location: 9LMFF
1-1: Ground out 6-3 (Groundball, 6, EV 84.4 MPH)
Top of the 9th over - 0 runs, 0 hits, 0 errors, 0 left on base; Sacramento 10 - Fresno 5
BOTTOM OF THE 9TH
Fresno Grizzlies batting - Pitching for Sacramento River Cats : RHP Paul Turner
Batting: LHB Michael Perez 0-0: Called Strike
0-1: Swinging Strike
0-2: Strikes out swinging
Batting: RHB Wander Javier 0-0: Ground out 6-3 (Groundball, 56, EV 81.9 MPH)
Batting: LHB Estevan Florial 0-0: Called Strike
0-1: Ball
1-1: Ball
2-1: Swinging Strike
2-2: Foul Ball, location: 9LSF
2-2: Ball
3-2: Foul Ball, location: 2F
3-2: Strikes out swinging
Bottom of the 9th over - 0 runs, 0 hits, 0 errors, 0 left on base; Sacramento 10 - Fresno 5
Tuesday, April 23rd , 2024 - OOTP Baseball 24.11 Build 85